 Dungeon Crawl Stone Soup version 0.16.0 (webtiles) character file.

3577 Fiveotanaka the Destroyer (level 9, -2/57 HPs)
             Began as a Demonspawn Wizard on Mar 17, 2015.
             Was a Believer of Vehumet.
             Shot with an arrow by a centaur (5 damage)
             ... on level 9 of the Dungeon.
             The game lasted 00:53:31 (11352 turns).

Fiveotanaka the Destroyer (Demonspawn Wizard)      Turns: 11352, Time: 00:53:32

Health: -2/57      AC:  9    Str:  7    XL:     9   Next: 84%
Magic:  19/21      EV: 15    Int: 22    God:    Vehumet [**....]
Gold:   382        SH:  0    Dex: 13    Spells: 6 memorised, 2 levels left

rFire  . . .     SeeInvis .     G - +2 dagger (venom)
rCold  + . .     Clarity  .     a - +0 robe
rNeg   + . .     SustAb   .     (no shield)
rPois  .         Gourm    .     b - +0 hat
rElec  .         Spirit   .     (no cloak)
rCorr  .         Warding  +     Q - +1 pair of gloves
rMut   .         Stasis   .     n - +0 pair of boots
MR     .....                    f - amulet of warding
Stlth  ++........               (no ring)
                                o - ring of protection from cold

@: repel missiles, not resistant to hostile enchantments, unstealthy
A: antennae 2, iridescent scales 1, powered by death 1, rot immunity
a: Renounce Religion


You were on level 9 of the Dungeon.
You worshipped Vehumet.
Vehumet was pleased with you.
You were not hungry.

You visited 2 branches of the dungeon, and saw 10 of its levels.

You collected 486 gold pieces.
You spent 104 gold pieces at shops.

Inventory:

Hand weapons
 G - a +2 dagger of venom (weapon)
 H - a +4 blowgun
Missiles
 k - 313 stones (quivered)
 m - 34 poisoned needles
Armour
 a - a +0 robe (worn)
 b - a +0 hat (worn)
 n - a +0 pair of boots (worn)
 Q - a +1 pair of gloves (worn)
Jewellery
 f - an amulet of warding (around neck)
 o - a ring of protection from cold (left hand)
 P - a cursed amulet of clarity {unknown}
 R - an uncursed amulet of resist mutation {unknown}
Magical devices
 J - a wand of paralysis (0)
 K - a wand of cold (3)
 M - a wand of teleportation (0)
 Y - a wand of draining (8)
Scrolls
 e - 3 scrolls of fear
 h - a scroll of enchant armour {unknown}
 j - a scroll of immolation {unknown}
 p - a scroll of magic mapping {unknown}
 q - 4 scrolls of teleportation
 w - 4 scrolls of remove curse
 y - 2 scrolls of amnesia {unknown}
 F - 2 scrolls of enchant weapon
 V - a scroll of torment {unknown}
 X - 2 scrolls of fog
Potions
 i - 5 potions of curing
 l - 2 potions of lignification {unknown}
 r - 5 potions of brilliance
 s - a potion of magic {unknown}
 v - 2 potions of might {unknown}
 x - a potion of ambrosia {unknown}
 z - a potion of beneficial mutation {unknown}
 A - a potion of poison {unknown}
 C - 2 potions of agility {unknown}
 D - 3 potions of restore abilities
 E - a potion of flight {unknown}
 L - a potion of berserk rage {unknown}
 N - a potion of resistance
 Z - a potion of haste {unknown}
Books
 c - a book of Minor Magic

   Spells                             Type                      Level
   a - Magic Dart                     Conjuration                  1
   b - Blink                          Translocation                2
   c - Call Imp                       Summoning                    2
   d - Repel Missiles                 Charms/Air                   2
   e - Slow                           Hexes                        2
   f - Conjure Flame                  Conjuration/Fire             3
   g - Mephitic Cloud                 Conjuration/Poison/Air       3
 I - a Grand Grimoire {highlevel, unknown}

   This book is beyond your current level of understanding.

   Spells                             Type                      Level
   a - Aura of Abjuration             Summoning                    6
   b - Summon Greater Demon           Summoning                    7
   c - Malign Gateway                 Summoning/Translocation      7
   d - Summon Horrible Things         Summoning                    8
 O - a book of Air

   Spells                             Type                      Level
   a - Shock                          Conjuration/Air              1
   b - Swiftness                      Charms/Air                   2
   c - Repel Missiles                 Charms/Air                   2
   d - Flight                         Charms/Air                   3
   e - Static Discharge               Conjuration/Air              3
   f - Lightning Bolt                 Conjuration/Air              5
 U - a Grand Grimoire {highlevel, unknown}

   This book is beyond your current level of understanding.

   Spells                             Type                      Level
   a - Aura of Abjuration             Summoning                    6
   b - Summon Greater Demon           Summoning                    7
   c - Malign Gateway                 Summoning/Translocation      7
   d - Summon Horrible Things         Summoning                    8
 W - a book of the Sky

   Spells                             Type                      Level
   a - Flight                         Charms/Air                   3
   b - Airstrike                      Air                          4
   c - Silence                        Hexes/Air                    5
   d - Deflect Missiles               Charms/Air                   6
   e - Conjure Ball Lightning         Conjuration/Air              6
   f - Tornado                        Air                          9
Comestibles
 d - 8 bread rations
 g - 4 beef jerkies
 t - 6 fruits
 S - a royal jelly


   Skills:
 + Level 6.1 Dodging
 - Level 1.7 Stealth
 - Level 5.1 Spellcasting
 + Level 11.5 Conjurations
   Level 1.0 Summonings
 - Level 0.8 Translocations
 * Level 1.0 Air Magic


You had 2 spell levels left.
You knew the following spells:

 Your Spells              Type           Power        Failure   Level  Hunger
a - Magic Dart            Conj           ####         1%          1    None
b - Blink                 Tloc           N/A          12%         2    None
c - Repel Missiles        Chrm/Air       #.....       14%         2    None
d - Mephitic Cloud        Conj/Pois/Air  ###.....     8%          3    ##.....
e - Conjure Flame         Conj/Fire      ####....     2%          3    ##.....
f - Lightning Bolt        Conj/Air       ####......   21%         5    #####..


Dungeon Overview and Level Annotations

Branches:
Dungeon (9/15)             Temple (1/1) D:7
   Lair: D:8-11         Orc: D:9-12

Altars:
Ashenzari
Cheibriados
Dithmenos
Elyvilon
Fedhas
Gozag
Kikubaaqudgha
Makhleb
Nemelex Xobeh
Okawaru
Qazlal
Ru
Sif Muna
Trog
Vehumet
Xom
Yredelemnul
Zin
The Shining One

Shops:
D:5 ([


Innate Abilities, Weirdness & Mutations

You have a pair of antennae on your head.
You are partially covered in iridescent scales (AC +4).
You can steal the life force of nearby defeated enemies.
You are immune to rotting.


Message History

The troll is moderately wounded.
The worker ant is engulfed in noxious fumes.
The worker ant appears confused.
The troll completely misses you. The troll completely misses you.
The troll claws you!
The worker ant is engulfed in noxious fumes.
The worker ant appears confused.
The worker ant closely misses you. The troll bites you!
* * * LOW HITPOINT WARNING * * *
The troll claws you but does no damage. The troll claws you!
* * * LOW HITPOINT WARNING * * *
The worker ant is engulfed in noxious fumes.
The worker ant appears confused.
The centaur shoots an arrow.
The arrow is repelled.
The centaur wields a shortbow.
The centaur shoots an arrow of flame.
The arrow of flame hits you.
* * * LOW HITPOINT WARNING * * *
The arrow of flame burns you.
* * * LOW HITPOINT WARNING * * *
The centaur shoots an arrow.
The arrow hits you.
You die...

#.## #........##
.#####.........# ..
............#..# .c#
#######.....#######..# #
#######.....#..#..#..#..
.......).......#........
######........###§.....#
##...###...§.§##
#.....#....§@T.#
#..#..#..#..#.a#
#..#######.c#### #...#
#..# ....... ....
#.#.#...# Y.....
#.#.#........###. .
..##....... . .## ....


You could see a yak (wandering), a troll, 2 centaurs and a worker ant
(confused).

Vanquished Creatures
  Grinder (D:3)
  An eye of draining (D:7)
  Purgy (D:3)
  A black bear (D:8)
  4 orc warriors
  An ice beast (D:9)
  A sky beast (D:8)
  5 ogres
  A centaur (D:8)
  The ghost of busb the Cudgeler, an average KoSk (D:3)
  A big kobold (D:9)
  A giant frog (D:8)
  A gnoll sergeant (D:7)
  A wyvern zombie (D:9)
  A scorpion (D:5)
  5 wights (D:7)
  3 crimson imps
  2 jellies
  A centaur skeleton (D:6)
  A giant frog skeleton (D:5)
  7 hounds
  6 orc priests
  12 orc wizards
  8 worker ants
  2 iguanas
  Terence (D:3)
  A hound skeleton (D:8)
  11 gnolls
  8 adders
  2 shadow imps
  2 giant mites
  2 worms
  2 adder skeletons
  A giant gecko (D:7)
  An ooze (D:7)
  40 orcs
  A bat skeleton (D:6)
  4 giant cockroaches
  13 hobgoblins
  17 kobolds
  6 quokkas
  4 ball pythons
  15 bats
  A giant gecko skeleton (D:8)
  A giant gecko zombie (D:6)
  5 giant newts
  15 goblins
  8 jackals
  A jackal skeleton (D:5)
  A jackal zombie (D:9)
  2 quokka skeletons
  14 rats
248 creatures vanquished.

Notes
Turn   | Place    | Note
--------------------------------------------------------------
     0 | D:1      | Fiveotanaka, the Demonspawn Wizard, began the quest for the Orb.
     0 | D:1      | Reached XP level 1. HP: 13/13 MP: 4/4
   374 | D:1      | Gained mutation: You are immune to rotting. [demonic ancestry]
   374 | D:1      | Reached XP level 2. HP: 19/19 MP: 3/6
   757 | D:1      | Learned a level 2 spell: Blink
   761 | D:1      | Learned a level 2 spell: Repel Missiles
   983 | D:2      | Found an opulent altar of Gozag.
  1002 | D:2      | Gained mutation: You have a pair of small antennae on your head. [demonic ancestry]
  1002 | D:2      | Reached XP level 3. HP: 21/24 MP: 0/7
  1350 | D:2      | Found a glowing golden altar of the Shining One.
  1934 | D:3      | Noticed Terence
  2345 | D:3      | Noticed an orc warrior
  2696 | D:4      | Reached skill level 4 in Conjurations
  2696 | D:4      | Gained mutation: You can steal the life force of nearby defeated enemies. [demonic ancestry]
  2696 | D:4      | Reached XP level 4. HP: 25/30 MP: 0/9
  2796 | D:4      | Learned a level 3 spell: Mephitic Cloud
  3189 | D:4      | Noticed an ogre
  3246 | D:4      | Killed an ogre
  3246 | D:4      | Reached skill level 5 in Conjurations
  3246 | D:4      | Reached XP level 5. HP: 35/35 MP: 0/11
  3409 | D:4      | Noticed an ogre
  3417 | D:4      | Killed an ogre
  3417 | D:4      | Reached skill level 6 in Conjurations
  3417 | D:4      | Gained mutation: You are partially covered in iridescent scales (AC +4). [demonic ancestry]
  3417 | D:4      | Reached XP level 6. HP: 41/41 MP: 1/12
  3731 | D:4      | Noticed an orc warrior
  3986 | D:5      | Entered Level 5 of the Dungeon
  4153 | D:5      | Reached skill level 7 in Conjurations
  4176 | D:5      | Found Gheroiv's Antique Weapon Shoppe.
  4258 | D:5      | Reached XP level 7. HP: 46/46 MP: 0/14
  4395 | D:5      | Bought a glowing blowgun for 47 gold pieces
  4396 | D:5      | Bought a runed spear for 57 gold pieces
  4575 | D:5      | Reached skill level 8 in Conjurations
  4965 | D:5      | Found Enoex's Armour Boutique.
  5741 | D:3      | Killed Terence
  5750 | D:3      | Killed an orc warrior
  5876 | D:3      | Reached skill level 9 in Conjurations
  5889 | D:3      | Noticed Purgy
  6006 | D:3      | Killed Purgy
  6006 | D:3      | Reached XP level 8. HP: 52/52 MP: 13/16
  6035 | D:3      | Noticed busb's ghost (average KoSk)
  6044 | D:3      | Killed busb's ghost
  6242 | D:3      | Noticed Grinder
  6266 | D:3      | Killed Grinder
  6266 | D:3      | Reached skill level 10 in Conjurations
  6356 | D:3      | Learned a level 3 spell: Conjure Flame
  7451 | D:6      | Reached skill level 11 in Conjurations
  7557 | D:6      | Paralysed by an orc wizard for 5 turns
  8001 | D:7      | Found a staircase to the Ecumenical Temple.
  8012 | Temple   | Entered the Ecumenical Temple
  8054 | Temple   | Became a worshipper of Vehumet
  8234 | D:7      | Gained mutation: You have a pair of antennae on your head. [demonic ancestry]
  8234 | D:7      | Reached XP level 9. HP: 57/57 MP: 12/18
  8810 | D:6      | Acquired Vehumet's first power
  8810 | D:6      | Offered knowledge of Flame Tongue by Vehumet.
  9018 | D:8      | Reached skill level 5 in Spellcasting
  9743 | D:8      | Reached skill level 5 in Dodging
 10788 | D:8      | Learned a level 5 spell: Lightning Bolt
 10965 | D:9      | HP: 2/57 [centaur/arrow (12)]
 11171 | D:9      | Offered knowledge of Sandblast by Vehumet.
 11303 | D:9      | Reached skill level 1 in Air Magic
 11352 | D:9      | Shot with an arrow by a centaur

Action                   |  1- 3 |  4- 6 |  7- 9 || total
-------------------------+-------+-------+-------++-------
Melee: Whip              |    27 |    12 |     8 ||    47
       Unarmed           |     3 |       |       ||     3
       Dagger            |       |       |   341 ||   341
 Cast: Magic Dart        |   101 |    99 |   409 ||   609
       Repel Missiles    |     1 |       |     3 ||     4
       Mephitic Cloud    |       |     7 |    33 ||    40
       Conjure Flame     |       |       |     4 ||     4
       Blink             |       |       |     4 ||     4
Evoke: Wand              |       |       |     1 ||     1
  Use: Scroll            |       |     4 |     8 ||    12
       Potion            |       |       |     2 ||     2
 Stab: Confused          |       |       |     4 ||     4
       Distracted        |       |       |     1 ||     1
  Eat: Chunk             |     5 |     6 |    21 ||    32
       Pizza             |       |       |     2 ||     2
